Map: Winter Madness LE

Players

HoldTheDoor - Winner!

  • Race: Protoss Protoss
  • League: Diamond
  • Spawn Location: 5:00

LorneMalvo

  • Race: Zerg Zerg
  • League: Diamond
  • Spawn Location: 11:00

VOD

Have the link to the VOD?

Description

Time

  • Played on: May 12, 2026, 12:01 p.m.
  • Length: 7:56
Show
View Real Time Build Order
Export as new Build Order

HoldTheDoor Protoss - Winner!

Build Orders:  

Get SALT Encoding   

  12  0:00  Probe  
  13  0:12  Probe  
  14  0:20  Pylon  
  14  0:24  Probe  
  15  0:34  Probe  
  15  0:40  Gateway  
  16  0:42  Probe  
  16  0:49  Assimilator  
  17  0:53  Probe  
  18  1:05  Forge  
  18  1:07  Probe  
  19  1:19  Probe  
  20  1:43  Cybernetics Core  
  20  1:46  Photon Cannon  
  20  1:48  Probe  
  20  1:52  Pylon  
  21  2:01  Probe  
  22  2:15  Probe  
  23  2:17  Nexus  
  23  2:20  Stalker  
  23  2:21  Warp Gate  
  23  2:27  Probe  
  26  2:39  Robotics Facility  
  26  2:42  Probe  
  27  2:49  Stalker  
  27  2:54  Probe  
  30  3:01  Pylon  
  30  3:06  Probe  
  31  3:20  Warp Prism  
  31  3:21  Probe  
  32  3:29  Probe  
  32  3:33  Probe  
  36  3:41  Probe  
  36  3:45  Probe  
  36  3:47  Gateway  
  38  3:49  Gateway  
  38  3:53  Probe  
  38  3:55  Gateway  
  39  4:03  Gateway  
  39  4:08  Gateway  
  39  4:15  Gateway  
  39  4:20  Gateway  
  39  4:27  Stalker  
  41  4:36  Pylon  
  41  4:45  Stalker x2  
  43  4:50  Stalker x2  
  49  4:58  Stalker  
  51  5:05  Pylon  
  51  5:06  Zealot  
  53  5:07  Pylon  
  53  5:08  Zealot x2  
  53  5:13  Zealot x2  
  57  5:28  Stalker  
  57  5:29  Stalker  
  55  5:41  Stalker  
  55  5:43  Zealot x5  
  59  6:10  Stalker  
  59  6:11  Stalker  
  59  6:12  Zealot x4  
  59  6:13  Zealot x2  
  63  6:34  Stalker  
  63  6:35  Zealot  
  63  6:36  Zealot x5  
  73  7:06  Stalker x2  
  75  7:08  Zealot  
  75  7:14  Zealot x4  
  75  7:15  Zealot  
Show
View Real Time Build Order
Export as new Build Order

LorneMalvo Zerg 

Build Orders: Pool First 

Get SALT Encoding   

  12  0:00  Drone  
  13  0:13  Overlord  
  13  0:18  Drone  
  14  0:31  Drone  
  14  0:32  Drone  
  16  0:38  Drone  
  17  0:46  Spawning Pool  
  17  0:49  Drone  
  18  1:04  Drone  
  18  1:13  Hatchery  
  18  1:15  Drone  
  18  1:18  Extractor  
  18  1:20  Drone  
  18  1:29  Drone  
  19  1:35  Queen  
  21  1:42  Overlord  
  21  1:51  Drone  
  22  2:11  Drone, Queen  
  22  2:12  Drone  
  26  2:24  Drone  
  26  2:27  Drone  
  28  2:37  Hatchery  
  28  2:41  Drone x2  
  29  2:45  Queen  
  29  2:50  Drone  
  32  2:51  Drone  
  32  2:53  Drone  
  34  3:00  Drone x2  
  36  3:11  Overlord  
  36  3:13  Overlord  
  36  3:31  Drone x3  
  36  3:32  Drone x2  
  36  3:33  Drone x2  
  43  3:37  Lair  
  43  3:43  Overlord, Extractor  
  43  3:44  Drone  
  43  3:54  Queen  
  45  4:00  Roach Warren  
  44  4:08  Drone  
  44  4:09  Drone x2  
  47  4:10  Overlord x2  
  47  4:20  Drone  
  47  4:21  Drone x7  
  55  4:29  Extractor  
  54  4:34  Overseer  
  54  4:38  Overseer  
  54  4:45  Roach  
  56  4:46  Roach x7  
  70  4:57  Hydralisk Den, Drone  
  70  4:58  Drone x3  
  73  5:01  Drone, Extractor  
  73  5:02  Drone  
  73  5:03  Overlord  
  73  5:04  Overlord x2  
  74  5:18  Roach  
  72  5:27  Roach x8  
  72  5:28  Roach x3  
  85  5:42  Roach  
  77  5:43  Roach x4  
  72  5:58  Roach x3  
  76  6:06  Roach x3  
  74  6:13  Roach x2  
  68  6:20  Roach  
  66  6:32  Roach x4  
  70  6:46  Hatchery  
  65  6:47  Hatchery  
  65  6:48  Roach x3  
  65  6:49  Roach x3  
  58  7:11  Roach x6  
Tags
 
Add a new tag
Caveats
  • Supply blocks, unpowered buildings, or Contaminate may cause inaccurate times.
  • Supply counts are checked every 10 seconds.